 Dungeon Crawl Stone Soup version 0.24-a0-584-g9d6b971 (webtiles) character file.

Game seed: 607164682162064276, levelgen mode: classic

655065 DocClef the Commander (level 27, -3/222 HPs)
             Began as a Gnoll Fighter on Aug 27, 2019.
             Was a High Priest of Okawaru.
             Slain by a bone dragon (5 damage)
             ... on level 3 of the Abyss on Aug 29, 2019.
             The game lasted 02:49:10 (74166 turns).

DocClef the Commander (Gnoll Fighter)              Turns: 74166, Time: 02:49:11

Health: -3/222     AC: 41    Str: 26      XL:     27
Magic:  31/31      EV: 23    Int: 11 (13) God:    Okawaru [*****.]
Gold:   8396       SH: 21    Dex: 19      Spells: 56/62 levels left

rFire    + . .     SeeInvis .   G - +8 demon blade "Leech" {vamp, rN+ AC-3 EV-3}
rCold    + + .     Gourm    .   K - +2 shield {reflect}
rNeg     + . .     Faith    .   c - +7 gold dragon scales
rPois    +         Spirit   .   x - +2 helmet
rElec    +         Reflect  +   T - +2 cloak {MR+}
rCorr    .         Harm     .   C - +0 pair of fencer's gloves {Riposte Dex+3}
MR       +++++     Rnd*Rage +   D - +0 pair of boots "Keufoitt" {MR+ Str-5 Stlth+} Stlth ++++......Rnd*Tele +
                                o - amulet of the Air {Inacc +Fly rElec EV+5 RMsl}
HPRegen  0.47/turn              q - ring of the Gloaming {rPois Dex+3}
MPRegen  0.22/turn              Q - ring "Keptonu" {rC+ MR++ Stlth+}

@: lethally poisoned (-3 -> -5), heroism, berserk cooldown, slowed, repel
missiles, very slow
A: distributed training, fangs 1, hooves 1, berserk 1, [blurry vision 2], clumsy
1, deterioration 1[+1], low mp 3, strong 1, teleportitis 1, strong nose
}: 3/15 runes: serpentine, barnacled, silver
a: Heroism, Finesse, Renounce Religion, Evoke Flight


You were on level 3 of the Abyss.
You worshipped Okawaru.
Okawaru was extremely pleased with you.
You were not hungry.

You visited 12 branches of the dungeon, and saw 53 of its levels.
You visited the Abyss 3 times.
You also visited: Ossuary.

You collected 11342 gold pieces.
You spent 2946 gold pieces at shops.

Inventory:

Hand Weapons
 h - the +5 morningstar of Foem {vamp, +Blink}
   (Okawaru gifted it to you on level 3 of the Crypt)

   It inflicts no extra harm, but heals its wielder when it wounds a living foe.
   It lets you blink.
 u - the +8 rapier of Yrghowump {vamp, rElec rF+ rN+ Stlth+}
   (You bought it in a shop on level 9 of the Dungeon)

   It inflicts no extra harm, but heals its wielder when it wounds a living foe.
   It protects you from fire.
   It insulates you from electricity.
   It protects you from negative energy.
   It makes you more stealthy.
 w - the +7 Singing Sword {slice, sonic wave}
   (You found it on level 3 of the Crypt)

   It inflicts extra damage upon your enemies.
 G - the +8 demon blade "Leech" (weapon) {vamp, rN+ AC-3 EV-3}
   (You found it on level 3 of the Crypt)

   It inflicts no extra harm, but heals its wielder when it wounds a living foe.
   It affects your AC (-3).
   It affects your evasion (-3).
   It protects you from negative energy.
Missiles
 j - 55 silver javelins (quivered)
Armour
 c - +7 gold dragon scales (worn)
 x - a +2 helmet (worn)
 C - the +0 pair of fencer's gloves (worn) {Riposte Dex+3}
   (You bought it in a shop on level 1 of the Elven Halls)

   It affects your dexterity (+3).
 D - the +0 pair of boots "Keufoitt" (worn) {MR+ Str-5 Stlth+}
   (You acquired it on level 13 of the Dungeon)

   It affects your strength (-5).
   It affects your resistance to hostile enchantments.
   It makes you more stealthy.
 K - a +2 shield of reflection (worn)
 T - a +2 cloak of magic resistance (worn)
Jewellery
 o - the amulet of the Air (around neck) {Inacc +Fly rElec EV+5 RMsl}
   (You found it on level 3 of the Elven Halls)

   [amulet of inaccuracy]

   It reduces the accuracy of all your attacks.
   It affects your evasion (+5).
   It insulates you from electricity.
   It lets you fly.
   It protects you from missiles.
 q - the ring of the Gloaming (left hand) {rPois Dex+3}
   (You found it on level 3 of the Lair of Beasts)

   [ring of poison resistance]

   It affects your dexterity (+3).
   It protects you from poison.
 Q - the ring "Keptonu" (right hand) {rC+ MR++ Stlth+}
   (You found it on level 1 of the Snake Pit)

   [ring of protection from cold]

   It protects you from cold.
   It affects your resistance to hostile enchantments.
   It makes you more stealthy.
Wands
 b - a wand of polymorph (26)
 y - a wand of enslavement (24)
 B - a wand of acid (58)
 I - a wand of flame (156)
 L - a wand of scattershot (13)
 M - a wand of paralysis (16)
 O - a wand of digging (27)
 P - a wand of random effects (50)
 V - a wand of clouds (3)
 X - a wand of iceblast (65)
 Z - a wand of disintegration (50)
Scrolls
 a - 11 scrolls of enchant weapon
 g - 32 scrolls of teleportation
 k - 14 scrolls of magic mapping
 l - 7 scrolls of blinking
 n - 25 scrolls of remove curse
 A - 13 scrolls of amnesia
 F - 9 scrolls of fog
 H - a scroll of brand weapon
 N - 11 scrolls of identify
 W - 2 scrolls of fear
 Y - 4 scrolls of summoning
Potions
 d - 12 potions of might
 e - 11 potions of heal wounds
 i - 29 potions of curing
 m - 10 potions of flight
 p - a potion of cancellation
 r - 5 potions of agility
 s - 3 potions of invisibility
 t - 10 potions of haste
 v - 22 potions of lignification
 z - 10 potions of brilliance
 E - 4 potions of resistance
 J - 4 potions of magic
 R - 4 potions of ambrosia
 S - 4 potions of berserk rage
Comestibles
 f - 85 rations


   Skills:
 + Level 19.2(24.2) Fighting
 + Level 18.4(23.4) Short Blades
 + Level 18.4(23.4) Long Blades
 + Level 18.4(23.4) Axes
 + Level 18.8(23.8) Maces & Flails
 + Level 18.4(23.4) Polearms
 + Level 18.4(23.4) Staves
 + Level 18.4(23.4) Slings
 + Level 18.4(23.4) Bows
 + Level 18.4(23.4) Crossbows
 + Level 18.4(23.4) Throwing
 + Level 19.2(24.2) Armour
 + Level 18.4(23.4) Dodging
 + Level 18.4(23.4) Stealth
 + Level 19.2(24.2) Shields
 + Level 18.4(23.4) Unarmed Combat
 + Level 18.4 Spellcasting
 + Level 15.9 Conjurations
 + Level 15.9 Hexes
 + Level 15.9 Charms
 + Level 15.9 Summonings
 + Level 15.9 Necromancy
 + Level 15.9 Translocations
 + Level 15.9 Transmutations
 + Level 15.9 Fire Magic
 + Level 15.9 Ice Magic
 + Level 15.9 Air Magic
 + Level 15.9 Earth Magic
 + Level 15.9 Poison Magic
 + Level 19.8 Invocations
 + Level 18.4 Evocations


You had 56 spell levels left.
You knew the following spells:

 Your Spells              Type           Power        Failure   Level  Hunger
a - Blink                 Tloc           N/A          1%          2    None
b - Swiftness             Chrm/Air       #####...     1%          2    None
c - Shroud of Golubria    Chrm/Tloc      #####.       1%          2    None

Your spell library contained the following spells:

 Spells                   Type           Power        Failure   Level  Hunger
 Animate Skeleton         Necr           N/A          1%          1    None
 Apportation              Tloc           #####.       1%          1    None
 Confusing Touch          Hex            #####.       1%          1    None
 Flame Tongue             Conj/Fire      #####        1%          1    None
 Freeze                   Ice            ####         1%          1    None
 Infusion                 Chrm           ####         1%          1    None
 Magic Dart               Conj           ####         1%          1    None
 Sandblast                Erth           #####.       1%          1    None
 Shock                    Conj/Air       ####         1%          1    None
 Summon Butterflies       Summ           #####...     1%          1    None
 Summon Small Mammal      Summ           ####         1%          1    None
 Corpse Rot               Necr           N/A          1%          2    None
 Ensorcelled Hibernation  Hex/Ice        #####.       1%          2    None
 Passwall                 Tmut/Erth      #####...     1%          2    None
 Poisonous Vapours        Pois/Air       #####.       1%          2    None
 Searing Ray              Conj           #####.       1%          2    None
 Song of Slaying          Chrm           #####...     1%          2    None
 Sublimation of Blood     Necr           #####.....   1%          2    None
 Throw Frost              Conj/Ice       #####.       1%          2    None
 Confuse                  Hex            #####...     1%          3    None
 Dazzling Spray           Conj/Hex       #####.       1%          3    None
 Gell's Gravitas          Tloc           #####.....   1%          3    None
 Ignite Poison            Fire/Tmut/Pois #####...     1%          3    None
 Inner Flame              Hex/Fire       #####...     1%          3    None
 Lesser Beckoning         Tloc           #####.....   1%          3    None
 Ozocubu's Armour         Chrm/Ice       #####...     1%          3    None
 Portal Projectile        Hex/Tloc       #####.       1%          3    None
 Recall                   Summ/Tloc      N/A          1%          3    None
 Regeneration             Chrm/Necr      #####.....   1%          3    None
 Spectral Weapon          Hex/Chrm       #####...     1%          3    None
 Static Discharge         Conj/Air       #####...     1%          3    None
 Teleport Other           Tloc           #####...     1%          3    None
 Tukima's Dance           Hex            #####...     1%          3    None
 Airstrike                Air            #####.....   1%          4    ##.....
 Animate Dead             Necr           N/A          1%          4    ##.....
 Cause Fear               Hex            #####.....   1%          4    ##.....
 Force Lance              Conj/Tloc      #####...     1%          4    ##.....
 Fulminant Prism          Conj/Hex       #####.....   1%          4    ##.....
 Ice Form                 Ice/Tmut       #####...     1%          4    ##.....
 Iskenderun's Mystic Bla  Conj           #####...     1%          4    ##.....
 Leda's Liquefaction      Hex/Erth       #####.....   1%          4    ##.....
 Passage of Golubria      Tloc           N/A          1%          4    ##.....
 Petrify                  Tmut/Erth      #####...     1%          4    ##.....
 Sticky Flame             Conj/Fire      #####...     1%          4    ##.....
 Summon Ice Beast         Ice/Summ       #####...     1%          4    ##.....
 Summon Lightning Spire   Summ/Air       #####...     1%          4    ##.....
 Throw Icicle             Conj/Ice       #####...     1%          4    ##.....
 Alistair's Intoxication  Tmut/Pois      #####...     1%          5    ####...
 Aura of Abjuration       Summ           #####.....   1%          5    ####...
 Bolt of Magma            Conj/Fire/Erth #####.....   1%          5    ####...
 Borgnjor's Vile Clutch   Necr/Erth      #####.....   1%          5    ####...
 Excruciating Wounds      Chrm/Necr      #####.....   1%          5    ####...
 Irradiate                Conj/Tmut      #####.....   1%          5    ####...
 Iskenderun's Battlesphe  Conj/Chrm      #####...     1%          5    ####...
 Lee's Rapid Deconstruct  Erth           #####.....   1%          5    ####...
 Lightning Bolt           Conj/Air       #####.....   1%          5    ####...
 Metabolic Englaciation   Hex/Ice        #####.....   1%          5    ####...
 Silence                  Hex/Air        #####.....   1%          5    ####...
 Summon Demon             Summ           #####.....   1%          5    ####...
 Summon Forest            Summ/Tloc      #####.....   1%          5    ####...
 Summon Mana Viper        Hex/Summ       #####...     1%          5    ####...
 Venom Bolt               Conj/Pois      #####.....   1%          5    ####...
 Yara's Violent Unravell  Hex/Tmut       #####.....   1%          5    ####...
 Bolt of Fire             Conj/Fire      #####.....   11%         6    ######.
 Conjure Ball Lightning   Conj/Air       #####.....   11%         6    ######.
 Darkness                 Hex            #####.....   11%         6    ######.
 Death Channel            Necr           #####.....   11%         6    ######.
 Deflect Missiles         Chrm/Air       #####.....   11%         6    ######.
 Dispersal                Tloc           #####.....   11%         6    ######.
 Freezing Cloud           Conj/Ice/Air   #####.....   11%         6    ######.
 Invisibility             Hex            #####...     11%         6    ######.
 Iron Shot                Conj/Erth      #####.....   11%         6    ######.
 Shadow Creatures         Summ           N/A          11%         6    ######.
 Simulacrum               Ice/Necr       #####.....   11%         6    ######.
 Statue Form              Tmut/Erth      #####....    11%         6    ######.
 Dragon Form              Tmut           #####.....   52%         7    #######
 Orb of Destruction       Conj           #####.....   52%         7    #######
 Ring of Flames           Chrm/Fire      #####.....   52%         7    #######
 Spellforged Servitor     Conj/Summ      #####.....   52%         7    #######
 Controlled Blink         Tloc           N/A          99%         8    #######
 Discord                  Hex            #####.....   99%         8    #######
 Disjunction              Tloc           #####.....   99%         8    #######
 Ignition                 Fire           #####.....   99%         8    #######
 Dragon's Call            Summ           #####.....   100%        9    #######
 Shatter                  Erth           #####.....   100%        9    #######
 Tornado                  Air            #####.....   100%        9    #######


Dungeon Overview and Level Annotations

Branches:
Dungeon (15/15)            Temple (1/1) D:6            Lair (6/6) D:9
 Shoals (4/4) Lair:2        Snake (4/4) Lair:2        Slime (1/5) Lair:5
    Orc (2/2) D:9             Elf (3/3) Orc:2        Vaults (5/5) D:13
  Crypt (3/3) Vaults:3       Tomb (0/3) Crypt:3      Depths (5/5) D:15
    Zot (4/5) Depths:5    Ossuary (visited)

Altars:
Ashenzari
Cheibriados
Dithmenos
Elyvilon
Fedhas
Gozag
Hepliaklqana
Kikubaaqudgha
Makhleb
Nemelex Xobeh
Okawaru
Qazlal
Ru
Sif Muna
Trog
Uskayaw
Vehumet
Wu Jian
Xom
Yredelemnul
Zin
The Shining One
Beogh
Jiyva

Shops:
D:9 *   D:10 }   Orc:1 }   Orc:2 =([**   Elf:1 [   Elf:2 !   Shoals:2 (
Snake:2 %   Vaults:3 [   Vaults:5 =!   Depths:2 *[!%

Portals:
Hell: Depths:1 Depths:2 Depths:3 Depths:4 Depths:5
Abyss: Depths:2 Depths:4
Pandemonium: Depths:3 Depths:4
Ziggurat: Depths:1

Annotations:
D:13 3 runed translucent doors, wirefist's ghost, journeyman DsFE
D:14 6 runed translucent doors, vegansnacktivist's ghost, journeyman DDFi
Depths:1 1 runed translucent door
Zot:3 23 runed doors, Naiya55's ghost, master DsGl


Innate Abilities, Weirdness & Mutations

Your experience applies equally to all skills.
You have very sharp teeth.
Your uncanny sense of smell can sniff out nearby items.
You have large cloven feet.
You tend to lose your temper in combat.
You are clumsy. (Dex -2)
Your magical capacity is extremely low. (-30% MP)
Your muscles are strong. (Str +2)
You are occasionally teleported next to monsters.
[Scrolls take you longer to read.]
[Your body often deteriorates upon taking damage.]


Message History

The blast of poison engulfs you.
You are poisoned.
You resist.
* * * LOW HITPOINT WARNING * * *
You slice the green death!!
You kill the green death!
Okawaru accepts your kill.
You feel the corruption within you wane somewhat.
Your body's shape seems more normal.
Your urge to shout disappears.
Your vision sharpens a little.
You feel sick.
The bone dragon bites you but does no damage.
The bone dragon completely misses you. You block the bone dragon's attack.
The starcursed mass shrieks in your mind.
* * * LOW HITPOINT WARNING * * *
You slash the bone dragon!
The bone dragon is severely damaged.
* * * LOW HITPOINT WARNING * * *
You feel sick. The bone dragon bites you.
You die...

# .... . .. ....
... . ○.# ..# #.
##.# .# . ###) ○.#
#. # ##†>.○°..#
#.#.#○.X#☼...##
#?.††☼☼D#†.......#
.#.####@○..#..#..
# # #. #○§○☼#.# #
. . . ###☼.#.# #
####. # #§# ∆# . #


You could see a bone dragon and a starcursed mass.

Vanquished Creatures
  Khufu (Crypt:3)
  An orb of fire (Zot:3)
  2 juggernauts (Depths:3)
  An ancient lich (Vaults:5)
  Vashnia (Snake:4)
  A Killer Klown (Zot:2)
  Margery (Vaults:3)
  Saint Roka (Depths:4)
  A curse toe (Zot:3)
  4 golden dragons
  A profane servitor (Crypt:3)
  3 bone dragons
  Jorgrun (D:14)
  10 tentacled monstrosities
  2 hellephants
  A Hell Sentinel (Abyss:2)
  6 liches
  3 deep elf blademasters (Elf:3)
  11 quicksilver dragons
  4 titans
  4 deep elf master archers (Elf:3)
  5 tentacled starspawn (Abyss:1)
  5 death cobs
  2 krakens
  An acid blob (Slime:1)
  An Executioner (Abyss:3)
  6 sphinxes
  8 shadow dragons
  11 storm dragons
  3 ancient champions
  A storm dragon (shapeshifter) (Depths:4)
  A shadow dragon (shapeshifter) (Depths:4)
  Kirke (Snake:1)
  8 tengu reavers
  2 revenants
  Donald (Snake:4)
  Roxanne (Snake:4)
  A daeva (Abyss:3)
  7 draconian monks
  11 nagarajas
  An iron dragon (shapeshifter) (Vaults:4)
  Aizul (Shoals:3)
  7 frost giants
  2 iron dragons (Depths:4)
  5 orc warlords
  2 draconian knights
  8 fire giants
  4 ghost moths
  9 deep elf sorcerers
  4 draconian scorchers
  A juggernaut zombie (Crypt:2)
  2 draconian shifters
  11 vault wardens
  4 draconian annihilators
  A cacodemon (Abyss:1)
  A spriggan defender (Depths:3)
  2 war gargoyles
  A stone giant (shapeshifter) (Depths:4)
  2 deep elf elementalists (Elf:3)
  12 ironheart preservers
  5 ghouls
  27 very ugly things
  2 draconian stormcallers
  18 stone giants
  3 entropy weavers
  6 deep elf demonologists
  An entropy weaver (shapeshifter) (Depths:4)
  5 deep elf annihilators
  9 yellow draconians
  12 vampire knights
  Azrael (Snake:2)
  7 black draconians
  6 green draconians
  A minotaur (shapeshifter) (Depths:4)
  7 spark wasps
  Snorg (D:14)
  13 white draconians
  8 purple draconians
  8 red draconians
  21 ettins
  7 eidola
  11 deep elf death magi
  3 merfolk javelineers
  2 mummy priests (Crypt:3)
  10 merfolk impalers
  2 crystal guardians
  12 fire dragons
  A green death (Abyss:3)
  13 jiangshi (Crypt:3)
  5 great orbs of eyes
  Harold (D:11)
  12 ice dragons
  8 rakshasas
  16 yaktaur captains
  10 hydras
  An ice dragon (shapeshifter) (Depths:4)
  3 deep elf high priests
  5 merfolk avatars
  33 vault guards
  8 spriggan air magi
  2 merfolk aquamancers (Shoals:4)
  8 centaur warriors
  An anaconda (shapeshifter) (Depths:2)
  2 catoblepae
  45 two-headed ogres
  23 naga warriors
  16 anacondas
  5 alligator snapping turtles
  A juggernaut simulacrum (Depths:4)
  A two-headed ogre (shapeshifter) (Depths:4)
  13 ogre magi
  7 vampire magi
  32 dancing weapons
  8 death knights
  4 tengu warriors
  8 deep troll earth magi
  7 thrashing horrors
  14 death yaks
  4 deep troll shamans
  2 hell hogs (Abyss:1)
  2 orc high priests
  Urug (Lair:1)
  19 naga sharpshooters
  2 spriggan berserkers
  A spriggan (Depths:5)
  6 shock serpents
  21 deep elf knights
  6 shadow wraiths
  A titan skeleton (Crypt:3)
  Nergalle (D:11)
  7 wretched stars
  26 skeletal warriors
  10 hell knights
  A quicksilver dragon simulacrum (Crypt:2)
  6 salamander mystics
  3 iron trolls
  2 sixfirhies (Abyss:2)
  3 unseen horrors
  19 deep trolls
  11 sea snakes
  An orange crystal statue (D:14)
  A storm dragon skeleton (Crypt:2)
  7 flayed ghosts
  9 glowing orange brains
  12 naga ritualists
  20 deep elf archers
  15 ironbrand convokers
  10 wizards
  2 lindwurms (Lair:6)
  A wolf spider zombie (Abyss:2)
  6 phantasmal warriors
  2 harpies (shapeshifter)
  21 harpies
  A sphinx zombie (D:15)
  5 orc sorcerers
  A wolf spider (shapeshifter) (Depths:3)
  6 necromancers
  4 oklob plants (Lair:3)
  18 orc knights
  66 deep elf magi
  A tengu skeleton (Depths:3)
  A fire giant zombie (Depths:2)
  13 mana vipers
  A frost giant zombie (Depths:2)
  17 manticores
  2 iron dragon zombies
  44 ugly things
  A manticore (shapeshifter) (Vaults:4)
  2 shining eyes (Slime:1)
  6 wolf spiders
  A shadow dragon skeleton (Depths:3)
  Maurice (D:10)
  20 salamanders
  6 elephants (Lair:6)
  A salamander (shapeshifter) (D:15)
  A sphinx skeleton (Depths:3)
  4 worldbinders
  A cyclops (shapeshifter) (Depths:3)
  16 moths of wrath
  34 naga magi
  13 cyclopes
  A faun (Shoals:2)
  Joseph (Lair:1)
  A black mamba (shapeshifter) (Depths:3)
  11 merfolk sirens
  47 black mambas
  A rust devil (Abyss:1)
  2 frost giant skeletons
  2 orange demons
  A stone giant skeleton (Depths:2)
  4 water nymphs
  7 smoke demons
  An apocalypse crab (Abyss:2)
  17 vault sentinels
  An elephant slug zombie (Crypt:2)
  16 spiny frogs
  6 guardian serpents
  6 torpor snails (Lair:6)
  4 gargoyles
  5 rime drakes
  68 yaktaurs
  A storm dragon simulacrum (Crypt:3)
  A dire elephant skeleton (Crypt:2)
  3 kobold demonologists
  A rime drake (shapeshifter) (Depths:3)
  12 freezing wraiths
  An efreet (D:15)
  7 komodo dragons
  5 tengu conjurers
  10 ancient zymes
  A hellwing (Depths:1)
  An elf (Depths:2)
  4 red devils
  8 guardian mummies
  2 queen bees (shapeshifter)
  A spriggan skeleton (D:15)
  An iron troll skeleton (Crypt:2)
  A meliai (shapeshifter) (Depths:3)
  A harpy zombie (Abyss:1)
  3 tyrant leeches (Lair:6)
  Grinder (D:5)
  7 wind drakes
  A jumping spider (shapeshifter) (Depths:4)
  4 trolls
  2 wind drakes (shapeshifter)
  A blink frog (shapeshifter) (Vaults:2)
  A tyrant leech (shapeshifter) (Depths:4)
  9 polar bears (Lair:6)
  25 merfolk
  29 slime creatures
  10 hornets
  A polar bear (shapeshifter) (Elf:1)
  39 blink frogs
  2 deep troll zombies
  19 raiju
  A spriggan zombie (Depths:2)
  A fire giant simulacrum (Vaults:1)
  A bog body (Crypt:1)
  19 large abominations
  2 dream sheep (shapeshifter)
  7 dream sheep
  9 snapping turtles
  An alligator zombie (Crypt:2)
  15 hippogriffs
  An ice dragon zombie (Crypt:1)
  2 hippogriffs (shapeshifter)
  4 shadows
  A meliai zombie (Crypt:1)
  An ice dragon skeleton (Crypt:2)
  58 flying skulls
  A centaur simulacrum (D:15)
  4 ynoxinuls
  39 starcursed masses
  A tarantella (Vaults:4)
  3 vampires (Depths:2)
  A fire dragon skeleton (D:15)
  A redback (Vaults:4)
  7 wyverns
  25 yaks
  A tarantella (shapeshifter) (Vaults:5)
  11 wraiths
  6 fire elementals
  A steam dragon (Shoals:3)
  11 water elementals
  2 basilisks
  A human (shapeshifter) (Vaults:4)
  Grum (D:10)
  3 humans (Depths:2)
  2 golden eyes (shapeshifter)
  A golden eye (Abyss:2)
  2 chaos spawn
  3 neqoxecs
  4 hungry ghosts
  An elf skeleton (Depths:2)
  A merfolk zombie (Crypt:2)
  13 vampire mosquitoes
  67 nagas
  16 wargs
  A swamp worm (shapeshifter) (Depths:4)
  2 insubstantial wisps
  15 water moccasins
  3 acid dragons
  64 orc warriors
  12 porcupines
  2 black bears (shapeshifter)
  28 hell hounds
  An ice beast (shapeshifter) (Depths:3)
  7 sky beasts
  4 ice beasts
  16 black bears
  2 eyes of draining
  3 phantoms
  A spriggan simulacrum (Depths:2)
  7 necrophages
  28 ogres
  2 snapping turtle zombies
  21 boggarts
  27 wolves
  16 centaurs
  14 crocodiles
  4 big kobolds
  A fire crab zombie (Crypt:2)
  2 earth elementals
  15 bullfrogs
  6 scorpions
  10 killer bees
  16 small abominations
  4 wights (D:15)
  6 electric eels
  A raiju skeleton (Crypt:2)
  6 howler monkeys
  5 centaur zombies
  2 bullfrog zombies
  16 crimson imps
  A quasit (D:8)
  15 hounds
  A black bear zombie (Crypt:2)
  3 centaur skeletons
  23 orc priests
  4 iron imps
  15 jellies
  3 bullfrog skeletons
  27 orc wizards
  5 iguanas
  Ijyb (D:4)
  9 worker ants
  A killer bee zombie (D:8)
  A sky beast zombie (Crypt:1)
  A big kobold zombie (Crypt:2)
  2 demigod skeletons
  2 spectral hounds (Depths:2)
  An ogre skeleton (Crypt:3)
  A hound zombie (D:5)
  A hound skeleton (D:4)
  14 mummies (Ossuary)
  A howler monkey zombie (Crypt:1)
  3 gnolls (D:3)
  16 adders
  4 shadow imps
  A white imp (Abyss:3)
  8 ufetubi
  2 adder skeletons
  5 worms
  4 dart slugs
  A leopard gecko (shapeshifter) (Vaults:5)
  7 leopard geckos
  99 orcs
  A ball python (D:5)
  15 bats
  A bat zombie (Crypt:1)
  A giant cockroach (D:2)
  6 goblins
  5 hobgoblins
  21 jackals
  32 kobolds
  7 quokkas
  5 frilled lizards
  4 gnoll skeletons (Ossuary)
  A goblin skeleton (Ossuary)
  2 kobold skeletons (Ossuary)
  A kobold zombie (Crypt:2)
  A leopard gecko skeleton (D:5)
  An orc skeleton (Ossuary)
  A quokka zombie (D:5)
  8 rats
  11 rat skeletons (Ossuary)
  A butterfly (Lair:5)
  A crawling corpse (Vaults:5)
  A fungus (Lair:3)
  A lurking horror (Abyss:2)
  8 plants
  2 starspawn tentacles (Abyss:1)
  5 tentacles
2849 creatures vanquished.

Vanquished Creatures (others)
  A deep elf blademaster (Elf:3)
  A deep elf master archer (Elf:3)
  A vault warden (Vaults:5)
  A vampire knight (Depths:3)
  2 stone giants
  2 centaur warriors (Depths:2)
  2 two-headed ogres (Vaults:3)
  A shock serpent (Snake:3)
  A deep elf knight (Elf:2)
  An ironbrand convoker (Vaults:3)
  2 deep elf archers
  A necromancer (D:15)
  4 deep elf magi
  A black mamba (Snake:4)
  16 yaktaurs
  3 hornets
  2 raiju (Abyss:3)
  A dream sheep (Shoals:4)
  A shadow (Abyss:3)
  A human (Snake:1)
  A steam dragon (Shoals:3)
  A naga (Snake:1)
  A boggart (Depths:2)
  A centaur (Vaults:1)
  An ogre (Vaults:2)
  An orc priest (Vaults:4)
  2 orcs
  A crawling corpse (Vaults:5)
  23 fungi
  A lurking horror (Abyss:1)
  28 plants
  6 starspawn tentacles (Abyss:1)
  11 tentacles
  4 toadstools (D:8)
  2 withered plants (D:15)
129 creatures vanquished.

Grand Total: 2978 creatures vanquished

Notes
Turn   | Place    | Note
-------+----------+-------------------------------------------
     0 | D:1      | DocClef the Gnoll Fighter began the quest for the Orb.
     0 | D:1      | Reached XP level 1. HP: 23/23 MP: 1/1
   250 | D:1      | Reached XP level 2. HP: 29/29 MP: 2/2
   448 | D:1      | You fall into a shaft and drop 1 floor!
   450 | D:2      | Reached XP level 3. HP: 35/35 MP: 3/3
   885 | D:2      | Reached skill level 1 in Invocations
  1100 | D:2      | Reached skill level 1 in Short Blades
  1100 | D:2      | Reached skill level 1 in Long Blades
  1100 | D:2      | Reached skill level 1 in Axes
  1100 | D:2      | Reached skill level 1 in Polearms
  1100 | D:2      | Reached skill level 1 in Staves
  1100 | D:2      | Reached skill level 1 in Slings
  1100 | D:2      | Reached skill level 1 in Bows
  1100 | D:2      | Reached skill level 1 in Crossbows
  1100 | D:2      | Reached skill level 1 in Throwing
  1100 | D:2      | Reached skill level 1 in Dodging
  1100 | D:2      | Reached skill level 1 in Stealth
  1100 | D:2      | Reached skill level 1 in Unarmed Combat
  1100 | D:2      | Reached skill level 1 in Spellcasting
  1100 | D:2      | Reached skill level 1 in Evocations
  1100 | D:2      | Reached XP level 4. HP: 36/41 MP: 5/5
  1229 | D:2      | Found an iron altar of Okawaru.
  1253 | D:2      | Became a worshipper of Warmaster Okawaru
  1519 | D:3      | Found a shimmering altar of Xom.
  1652 | D:3      | Reached skill level 1 in Conjurations
  1652 | D:3      | Reached skill level 1 in Hexes
  1652 | D:3      | Reached skill level 1 in Charms
  1652 | D:3      | Reached skill level 1 in Summonings
  1652 | D:3      | Reached skill level 1 in Necromancy
  1652 | D:3      | Reached skill level 1 in Translocations
  1652 | D:3      | Reached skill level 1 in Transmutations
  1652 | D:3      | Reached skill level 1 in Fire Magic
  1652 | D:3      | Reached skill level 1 in Ice Magic
  1652 | D:3      | Reached skill level 1 in Air Magic
  1652 | D:3      | Reached skill level 1 in Earth Magic
  1652 | D:3      | Reached skill level 1 in Poison Magic
  1842 | D:3      | Reached XP level 5. HP: 37/47 MP: 6/6
  2093 | D:4      | Reached XP level 6. HP: 46/53 MP: 8/8
  2127 | D:4      | Noticed Ijyb
  2138 | D:4      | Killed Ijyb
  2350 | D:4      | Reached * piety under Okawaru
  2350 | D:4      | Reached skill level 5 in Maces & Flails
  2549 | D:4      | Reached XP level 7. HP: 59/59 MP: 10/10
  2867 | D:4      | Reached ** piety under Okawaru
  3122 | D:4      | Found a glowing golden altar of the Shining One.
  3201 | D:5      | Entered Level 5 of the Dungeon
  3245 | D:5      | Reached XP level 8. HP: 67/67 MP: 12/12
  3442 | D:5      | Found an ancient bone altar of Kikubaaqudgha.
  3465 | D:5      | Noticed Grinder
  3485 | D:5      | Killed Grinder
  3606 | D:5      | Found a basalt altar of Yredelemnul.
  3607 | D:5      | Found a sacrificial altar of Ru.
  3608 | D:5      | Found a snail-covered altar of Cheibriados.
  3681 | D:5      | Reached *** piety under Okawaru
  4111 | D:6      | Reached XP level 9. HP: 72/72 MP: 14/14
  4355 | D:6      | Found a staircase to the Ecumenical Temple.
  4550 | Temple   | Entered the Ecumenical Temple
  4703 | D:7      | Found a sand-covered staircase.
  4713 | Ossuary  | Entered an ossuary
  5226 | D:7      | Found a sacrificial altar of Ru.
  5245 | D:7      | Reached **** piety under Okawaru
  5440 | D:7      | Got a crude scale mail
  5451 | D:7      | Identified the cursed +0 scale mail "Cissicol" {rF+ rC-
                  | rCorr} (You found it on level 7 of the Dungeon)
  5639 | D:8      | Reached skill level 5 in Invocations
  5674 | D:8      | Received a gift from Okawaru
  5698 | D:8      | Reached XP level 10. HP: 70/80 MP: 4/17
  6272 | D:9      | Reached skill level 5 in Short Blades
  6272 | D:9      | Reached skill level 5 in Long Blades
  6272 | D:9      | Reached skill level 5 in Axes
  6272 | D:9      | Reached skill level 5 in Polearms
  6272 | D:9      | Reached skill level 5 in Staves
  6272 | D:9      | Reached skill level 5 in Slings
  6272 | D:9      | Reached skill level 5 in Bows
  6272 | D:9      | Reached skill level 5 in Crossbows
  6272 | D:9      | Reached skill level 5 in Throwing
  6272 | D:9      | Reached skill level 5 in Dodging
  6272 | D:9      | Reached skill level 5 in Stealth
  6272 | D:9      | Reached skill level 5 in Unarmed Combat
  6272 | D:9      | Reached skill level 5 in Spellcasting
  6272 | D:9      | Reached skill level 5 in Evocations
  6363 | D:8      | Gained mutation: Your skin changes colour to match your
                  | surroundings (Stealth+). [potion of mutation]
  6363 | D:8      | Gained mutation: You have an increased reservoir of magic.
                  | (+10% MP) [potion of mutation]
  6384 | D:9      | Reached ***** piety under Okawaru
  6429 | D:9      | Found Wihoitru's Assorted Antiques.
  6438 | D:9      | Bought a brightly glowing rapier for 297 gold pieces
  6438 | D:9      | Bought a scroll labeled LACISEIPAO for 33 gold pieces
  6439 | D:9      | Got a blackened plate armour
  6450 | D:9      | Identified the +1 plate armour of the World {Str+4 Stlth+}
                  | (You acquired it on level 9 of the Dungeon)
  6468 | D:9      | Identified the +8 rapier of Yrghowump {vamp, rElec rF+ rN+
                  | Stlth+} (You bought it in a shop on level 9 of the Dungeon)
  6542 | D:9      | Found a shattered altar of Ashenzari.
  6563 | D:9      | Noticed a two-headed ogre
  6577 | D:9      | Killed a two-headed ogre
  6577 | D:9      | Received a gift from Okawaru
  6605 | D:9      | Found a staircase to the Lair.
  6738 | D:9      | Found a staircase to the Orcish Mines.
  6961 | Lair:1   | Entered Level 1 of the Lair of Beasts
  6973 | Lair:1   | Noticed a black mamba
  6983 | Lair:1   | Killed a black mamba
  6997 | Lair:1   | Noticed a spiny frog
  7007 | Lair:1   | Killed a spiny frog
  7007 | Lair:1   | Reached XP level 11. HP: 83/87 MP: 21/21
  7190 | Lair:1   | HP: 4/87 [poisoned by a spiny frog]
  7196 | Lair:1   | HP: 4/87 [poisoned by a spiny frog]
  7204 | Lair:1   | HP: 4/87 [poisoned by a spiny frog]
  7586 | Lair:1   | Received a gift from Okawaru
  7590 | Lair:1   | Reached skill level 5 in Conjurations
  7590 | Lair:1   | Reached skill level 5 in Hexes
  7590 | Lair:1   | Reached skill level 5 in Charms
  7590 | Lair:1   | Reached skill level 5 in Summonings
  7590 | Lair:1   | Reached skill level 5 in Necromancy
  7590 | Lair:1   | Reached skill level 5 in Translocations
  7590 | Lair:1   | Reached skill level 5 in Transmutations
  7590 | Lair:1   | Reached skill level 5 in Fire Magic
  7590 | Lair:1   | Reached skill level 5 in Ice Magic
  7590 | Lair:1   | Reached skill level 5 in Air Magic
  7590 | Lair:1   | Reached skill level 5 in Earth Magic
  7590 | Lair:1   | Reached skill level 5 in Poison Magic
  7648 | Lair:1   | Noticed Urug
  7664 | Lair:1   | Killed Urug
  7730 | Lair:1   | Received a gift from Okawaru
  7750 | Lair:1   | Lost mutation: Your skin changes colour to match your
                  | surroundings (Stealth+). [potion of mutation]
  7750 | Lair:1   | Lost mutation: You have an increased reservoir of magic.
                  | (+10% MP) [potion of mutation]
  7750 | Lair:1   | Gained mutation: You are agile. (Dex +2) [potion of
                  | mutation]
  7750 | Lair:1   | Gained mutation: Your movements are slightly less
                  | encumbered by armour. (ER -2) [potion of mutation]
  7750 | Lair:1   | Gained mutation: You have large cloven feet. [potion of
                  | mutation]
  7783 | Lair:1   | Noticed Joseph
  7796 | Lair:1   | Killed Joseph
  8708 | Lair:2   | Received a gift from Okawaru
  8711 | Lair:2   | Got a slimy plate armour {god gift}
  8725 | Lair:2   | Identified the +0 plate armour of Nunufuel {Dex+2 Slay+3}
                  | (Okawaru gifted it to you on level 2 of the Lair of Beasts)
  8734 | Lair:2   | Found a staircase to the Snake Pit.
  8773 | Lair:2   | Reached XP level 12. HP: 86/96 MP: 22/22
  9068 | Lair:2   | Found a staircase to the Shoals.
  9995 | Lair:3   | You fall into a shaft and drop 1 floor!
 10003 | Lair:4   | You fall into a shaft and drop 1 floor!
 10602 | Lair:3   | Received a gift from Okawaru
 10602 | Lair:3   | Reached skill level 10 in Fighting
 10602 | Lair:3   | Reached skill level 10 in Armour
 10602 | Lair:3   | Reached skill level 10 in Shields
 10741 | Lair:3   | Got a steaming platinum ring
 10801 | Lair:3   | Identified the ring of the Gloaming {rPois Dex+3} (You
                  | found it on level 3 of the Lair of Beasts)
 10985 | Lair:4   | Reached XP level 13. HP: 103/103 MP: 24/24
 11348 | Lair:5   | Reached ****** piety under Okawaru
 11348 | Lair:5   | Received a gift from Okawaru
 11387 | Lair:5   | Found a staircase to the Slime Pits.
 11464 | Lair:5   | Received a gift from Okawaru
 11618 | Lair:5   | Received a gift from Okawaru
 11765 | Lair:5   | HP: 4/104 [catoblepas (11)]
 12645 | Lair:6   | Entered Level 6 of the Lair of Beasts
 12770 | Lair:6   | Reached XP level 14. HP: 98/111 MP: 26/26
 12842 | Lair:6   | Received a gift from Okawaru
 12842 | Lair:6   | Reached skill level 10 in Maces & Flails
 13392 | Lair:6   | Reached skill level 10 in Invocations
 13979 | D:10     | Entered Level 10 of the Dungeon
 14126 | D:10     | Received a gift from Okawaru
 14151 | D:10     | Noticed Maurice
 14161 | D:10     | Killed Maurice
 14199 | D:10     | Noticed Grum
 14225 | D:10     | Killed Grum
 14590 | D:10     | Found Kicag's Gadget Shoppe.
 15057 | D:11     | Noticed Nergalle
 15070 | D:11     | Killed Nergalle
 15070 | D:11     | Received a gift from Okawaru
 15343 | D:11     | Noticed Harold
 15357 | D:11     | Reached XP level 15. HP: 97/119 MP: 28/28
 15370 | D:11     | Killed Harold
 15531 | D:11     | Found a shimmering blue altar of Sif Muna.
 16818 | D:13     | Found a runed translucent gate.
 16818 | D:13     | Found a runed translucent gate.
 16818 | D:13     | Found a runed translucent gate.
 16818 | D:13     | Noticed wirefist's ghost (journeyman DsFE)
 16879 | D:13     | Found a gate to the Vaults.
 17505 | D:13     | Got an encrusted cloak
 17516 | D:13     | Identified the +1 cloak "Wuxah" {+Fly rElec Int-5} (You
                  | acquired it on level 13 of the Dungeon)
 17517 | D:13     | Got a pair of ancient boots
 17523 | D:13     | Identified the +0 pair of boots "Keufoitt" {MR+ Str-5
                  | Stlth+} (You acquired it on level 13 of the Dungeon)
 17729 | D:14     | Noticed Jorgrun
 17765 | D:14     | Killed Jorgrun
 17793 | D:14     | Received a gift from Okawaru
 17793 | D:14     | Reached skill level 10 in Short Blades
 17793 | D:14     | Reached skill level 10 in Long Blades
 17793 | D:14     | Reached skill level 10 in Axes
 17793 | D:14     | Reached skill level 10 in Polearms
 17793 | D:14     | Reached skill level 10 in Staves
 17793 | D:14     | Reached skill level 10 in Slings
 17793 | D:14     | Reached skill level 10 in Bows
 17793 | D:14     | Reached skill level 10 in Crossbows
 17793 | D:14     | Reached skill level 10 in Throwing
 17793 | D:14     | Reached skill level 10 in Dodging
 17793 | D:14     | Reached skill level 10 in Stealth
 17793 | D:14     | Reached skill level 10 in Unarmed Combat
 17793 | D:14     | Reached skill level 10 in Spellcasting
 17793 | D:14     | Reached skill level 10 in Evocations
 18195 | D:14     | Noticed Snorg
 18211 | D:14     | Killed Snorg
 18369 | D:14     | Found a runed translucent door.
 18380 | D:14     | Found a runed translucent door.
 18410 | D:14     | Found a runed translucent gate.
 18412 | D:14     | Found a runed translucent gate.
 18413 | D:14     | Found a runed translucent gate.
 18414 | D:14     | Noticed a frost giant
 18415 | D:14     | Noticed vegansnacktivist's ghost (journeyman DDFi)
 18488 | D:14     | Found a runed translucent door.
 18507 | D:14     | Found a runed translucent door.
 18927 | D:15     | Entered Level 15 of the Dungeon
 19128 | D:15     | Found a shattered altar of Ashenzari.
 19182 | D:15     | Found a staircase to the Depths.
 19389 | D:15     | Reached XP level 16. HP: 119/127 MP: 30/30
 19806 | D:15     | Received a gift from Okawaru
 20410 | Depths:1 | Entered Level 1 of the Depths
 20440 | Depths:1 | Noticed a lich
 20574 | D:15     | Killed a lich
 20786 | Snake:1  | Entered Level 1 of the Snake Pit
 20823 | Snake:1  | Found a transporter.
 20918 | Snake:1  | Noticed Kirke
 20936 | Snake:1  | Killed Kirke
 21207 | Snake:1  | Received a gift from Okawaru
 21517 | Snake:1  | Paralysed by the power of Zot for 2 turns
 21528 | Snake:1  | Received a gift from Okawaru
 21695 | Snake:1  | Found a transporter.
 21700 | Snake:1  | Got a vibrating brass ring
 21717 | Snake:1  | Got a steaming bronze amulet
 21724 | Snake:1  | Identified the amulet of Orchaogo {Inacc rN+ Int+3} (You
                  | found it on level 1 of the Snake Pit)
 21726 | Snake:1  | Identified the ring "Keptonu" {rC+ MR++ Stlth+} (You found
                  | it on level 1 of the Snake Pit)
 21807 | Snake:2  | Noticed Azrael
 21850 | Snake:2  | Killed Azrael
 21872 | Snake:2  | Found Asminyr's Food Boutique.
 21960 | Snake:2  | Received a gift from Okawaru
 21986 | Snake:2  | Got a steaming bardiche {god gift}
 21993 | Snake:2  | Identified the +7 bardiche of Empararph {freeze, rN+ Str+2
                  | Dex+3} (Okawaru gifted it to you on level 2 of the Snake
                  | Pit)
 22463 | Snake:2  | Reached XP level 17. HP: 120/130 MP: 10/32
 22746 | Snake:2  | Received a gift from Okawaru
 22754 | Snake:2  | Got a pair of warped boots {god gift}
 22769 | Snake:2  | Identified the +0 pair of boots of the Garden {+Fly rElec
                  | rC++ MR-} (Okawaru gifted it to you on level 2 of the Snake
                  | Pit)
 24169 | Snake:4  | Entered Level 4 of the Snake Pit
 24301 | Snake:4  | Reached skill level 10 in Conjurations
 24301 | Snake:4  | Reached skill level 10 in Hexes
 24301 | Snake:4  | Reached skill level 10 in Charms
 24301 | Snake:4  | Reached skill level 10 in Summonings
 24301 | Snake:4  | Reached skill level 10 in Necromancy
 24301 | Snake:4  | Reached skill level 10 in Translocations
 24301 | Snake:4  | Reached skill level 10 in Transmutations
 24301 | Snake:4  | Reached skill level 10 in Fire Magic
 24301 | Snake:4  | Reached skill level 10 in Ice Magic
 24301 | Snake:4  | Reached skill level 10 in Air Magic
 24301 | Snake:4  | Reached skill level 10 in Earth Magic
 24301 | Snake:4  | Reached skill level 10 in Poison Magic
 24320 | Snake:4  | Received a gift from Okawaru
 24320 | Snake:4  | Reached XP level 18. HP: 76/143 MP: 33/33
 25289 | Snake:4  | Received a gift from Okawaru
 25394 | Snake:4  | Received a gift from Okawaru
 25416 | Snake:4  | Identified Roxanne's Disquisition on Earth
 25416 | Snake:4  | Noticed Roxanne
 25529 | Snake:4  | Received a gift from Okawaru
 25870 | Snake:4  | Killed Roxanne
 25889 | Snake:4  | Noticed Vashnia
 25927 | Snake:4  | Killed Vashnia
 25942 | Snake:4  | Received a gift from Okawaru
 26089 | Snake:4  | Received a gift from Okawaru
 26105 | Snake:4  | Got a serpentine rune of Zot
 26111 | Snake:4  | Noticed Donald
 26130 | Snake:4  | Received a gift from Okawaru
 26175 | Snake:4  | Killed Donald
 26642 | Orc:1    | Entered Level 1 of the Orcish Mines
 26735 | Orc:1    | Reached XP level 19. HP: 151/151 MP: 30/35
 26887 | Orc:1    | Found Retzaif's Gadget Shoppe.
 27190 | Orc:2    | Entered Level 2 of the Orcish Mines
 27229 | Orc:2    | Found Gehuov's Goods Gallery.
 27351 | Orc:2    | Found a roughly hewn altar of Beogh.
 27380 | Orc:2    | Received a gift from Okawaru
 27470 | Orc:2    | Found Hisut's Antique Armour Shop.
 27506 | Orc:2    | Found Vusche's General Store.
 27725 | Orc:2    | Received a gift from Okawaru
 27769 | Orc:2    | Found a staircase to the Elven Halls.
 27922 | Orc:2    | Found Ovuwk's Jewellery Shop.
 27944 | Orc:2    | Found Cyblynol's Antique Weapon Shop.
 28156 | Orc:2    | Bought +0 gold dragon scales for 1120 gold pieces
 28278 | Elf:1    | Entered Level 1 of the Elven Halls
 28399 | Elf:1    | Found Veecwisi's Armour Shop.
 28451 | Elf:1    | Received a gift from Okawaru
 28804 | Elf:1    | Identified the Papyrus of Attacks
 28910 | Elf:1    | Received a gift from Okawaru
 29228 | Elf:3    | Entered Level 3 of the Elven Halls
 29322 | Elf:2    | Found Zaxu's Distillery.
 29535 | Elf:2    | Found a runed translucent gate.
 29535 | Elf:2    | Found a runed translucent gate.
 29536 | Elf:2    | Found a runed translucent gate.
 29664 | Elf:2    | Received a gift from Okawaru
 30109 | Elf:2    | Reached XP level 20. HP: 137/159 MP: 36/36
 30240 | Elf:2    | Received a gift from Okawaru
 30241 | Elf:2    | Found the +15 Maxwell's patent armour {-Cast -Tele rElec
                  | MR+ rCorr}
 31558 | Elf:3    | Received a gift from Okawaru
 32294 | Elf:3    | Identified the Guide on Flight and Enhancements
 32334 | Elf:3    | Got a twisted short sword
 32335 | Elf:3    | Identified the +12 short sword of Taxation {drain, rElec
                  | Str+5} (You found it on level 3 of the Elven Halls)
 32376 | Elf:3    | Found the amulet of the Air {Inacc +Fly rElec EV+5 RMsl}
 32382 | Elf:3    | Found the +8 trident of the Octopus King {venom, rElec
                  | rPois MR+}
 32461 | Elf:3    | Got a scorched morningstar
 32462 | Elf:3    | Identified the +8 morningstar of Nialam {crush, rPois rC++}
                  | (You found it on level 3 of the Elven Halls)
 32481 | Elf:3    | Identified the Grimoire of Fire
 32536 | Elf:3    | Got a steaming amber ring
 32538 | Elf:3    | Identified the ring "Movol" {Ice Str-4 Int+3 SInv} (You
                  | found it on level 3 of the Elven Halls)
 32582 | Elf:3    | Identified Sif Muna's Almanac of Ghastly Enchantment
 33101 | Shoals:1 | Entered Level 1 of the Shoals
 33161 | Shoals:1 | Received a gift from Okawaru
 33414 | Shoals:1 | Received a gift from Okawaru
 34113 | Shoals:2 | Received a gift from Okawaru
 34441 | Shoals:2 | Found Zemexiehea's Weapon Shoppe.
 35372 | Shoals:3 | Reached XP level 21. HP: 98/166 MP: 38/38
 35467 | Shoals:3 | Noticed Aizul
 35534 | Shoals:3 | Killed Aizul
 35553 | Shoals:3 | Received a gift from Okawaru
 36167 | Shoals:4 | Entered Level 4 of the Shoals
 36745 | Shoals:4 | Got a barnacled rune of Zot
 37462 | Shoals:4 | Reached skill level 15 in Fighting
 37462 | Shoals:4 | Reached skill level 15 in Armour
 37462 | Shoals:4 | Reached skill level 15 in Shields
 37515 | Shoals:4 | Got a twisted shield
 37526 | Shoals:4 | Identified the cursed +0 shield of Duty {rC+ rN+ MR+ Dex-3}
                  | (You found it on level 4 of the Shoals)
 37808 | Vaults:1 | Entered Level 1 of the Vaults
 38081 | Vaults:1 | Reached skill level 15 in Invocations
 38291 | Vaults:1 | Received a gift from Okawaru
 38576 | Vaults:1 | Received a gift from Okawaru
 38801 | Vaults:1 | Received a gift from Okawaru
 39240 | Vaults:1 | Received a gift from Okawaru
 39335 | Vaults:2 | Upgraded the game from 0.24-a0-582-g4d4af81 to
                  | 0.24-a0-583-g87330a4
 39393 | Vaults:2 | Reached XP level 22. HP: 175/175 MP: 40/40
 40342 | Vaults:2 | Found a radiant altar of Vehumet.
 40893 | Vaults:3 | Received a gift from Okawaru
 41283 | Vaults:3 | Reached skill level 15 in Maces & Flails
 41808 | Vaults:3 | Noticed Margery
 41867 | Vaults:3 | Killed Margery
 41914 | Vaults:3 | Found Vouhid's Antique Armour Boutique.
 42307 | Vaults:3 | Found a staircase to the Crypt.
 42510 | Vaults:3 | Received a gift from Okawaru
 43092 | Vaults:4 | Reached XP level 23. HP: 183/183 MP: 41/41
 43490 | Vaults:4 | Received a gift from Okawaru
 44258 | Vaults:4 | Received a gift from Okawaru
 44680 | Vaults:5 | Entered Level 5 of the Vaults
 44681 | Vaults:5 | Noticed an ancient lich
 44720 | Vaults:5 | Killed an ancient lich
 44720 | Vaults:5 | Received a gift from Okawaru
 44735 | Vaults:5 | Reached skill level 15 in Short Blades
 44735 | Vaults:5 | Reached skill level 15 in Long Blades
 44735 | Vaults:5 | Reached skill level 15 in Axes
 44735 | Vaults:5 | Reached skill level 15 in Polearms
 44735 | Vaults:5 | Reached skill level 15 in Staves
 44735 | Vaults:5 | Reached skill level 15 in Slings
 44735 | Vaults:5 | Reached skill level 15 in Bows
 44735 | Vaults:5 | Reached skill level 15 in Crossbows
 44735 | Vaults:5 | Reached skill level 15 in Throwing
 44735 | Vaults:5 | Reached skill level 15 in Dodging
 44735 | Vaults:5 | Reached skill level 15 in Stealth
 44735 | Vaults:5 | Reached skill level 15 in Unarmed Combat
 44735 | Vaults:5 | Reached skill level 15 in Spellcasting
 44735 | Vaults:5 | Reached skill level 15 in Evocations
 45776 | Depths:1 | Found a runed translucent door.
 45916 | Depths:1 | Reached XP level 24. HP: 191/191 MP: 42/42
 45965 | Depths:1 | Learned a level 2 spell: Blink
 45968 | Depths:1 | Learned a level 2 spell: Swiftness
 45971 | Depths:1 | Learned a level 2 spell: Shroud of Golubria
 46294 | Lair:6   | Found a runed translucent door.
 47011 | Depths:1 | Found a gateway to Hell.
 47081 | Depths:1 | Found a gateway to a ziggurat.
 47170 | Depths:1 | Identified the cursed +1 scimitar "Vosafoth" {slice, Str+4
                  | Dex+2} (You found it on level 1 of the Depths)
 47336 | Depths:1 | Received a gift from Okawaru
 48205 | Depths:2 | Received a gift from Okawaru
 48696 | Depths:2 | Cast into level 2 of the Abyss (merfolk javelineer)
 48714 | Abyss:3  | Found a corrupted altar of Lugonu.
 48722 | Depths:2 | Escaped the Abyss
 48897 | Depths:2 | Received a gift from Okawaru
 48996 | Depths:2 | Received a gift from Okawaru
 49405 | Depths:2 | Found a one-way gate to the infinite horrors of the Abyss.
 49739 | Depths:2 | Found Diac's Slaves and Accessories.
 49858 | Depths:2 | Found The Legendary Zuivud's Legendary Smithy.
 49945 | Depths:2 | Found Jack's Jerk-a-riffic Jerky.
 49961 | Depths:2 | Received a gift from Okawaru
 50005 | Depths:2 | Found Kios's Miraculous Elixirs.
 50434 | Depths:2 | Found an ancient bone altar of Kikubaaqudgha.
 50863 | Depths:3 | Noticed a juggernaut
 51472 | Depths:3 | Reached XP level 25. HP: 200/200 MP: 42/42
 51486 | Depths:3 | Received a gift from Okawaru
 51675 | Depths:3 | Found a one-way gate leading to the halls of Pandemonium.
 51735 | Depths:3 | Killed a juggernaut
 51735 | Depths:3 | Received a gift from Okawaru
 51942 | Depths:3 | Noticed a juggernaut
 52025 | Depths:3 | Killed a juggernaut
 52070 | Depths:3 | Got a smoking hat {god gift}
 52097 | Depths:3 | Identified the +0 hat of Fyfec {+Inv rN+ rCorr Str+4}
                  | (Okawaru gifted it to you on level 3 of the Depths)
 53462 | Depths:4 | Noticed Saint Roka
 53548 | Depths:4 | Killed Saint Roka
 54136 | Depths:4 | Received a gift from Okawaru
 54830 | Depths:5 | Entered Level 5 of the Depths
 55012 | Depths:5 | Reached XP level 26. HP: 208/208 MP: 43/43
 55100 | Depths:5 | Found a gate to the Realm of Zot.
 55122 | Depths:5 | Received a gift from Okawaru
 55326 | Depths:5 | Received a gift from Okawaru
 55800 | Depths:5 | Received a gift from Okawaru
 55947 | Depths:5 | Received a gift from Okawaru
 56786 | Vaults:5 | Received a gift from Okawaru
 56914 | Vaults:5 | Received a gift from Okawaru
 57262 | Vaults:5 | Received a gift from Okawaru
 57318 | Vaults:5 | Identified the +5 scimitar of Baruuw {elec, Int+3 Dex+3}
 57390 | Vaults:5 | Received a gift from Okawaru
 57476 | Vaults:5 | Identified the +7 battleaxe "Qomuegum" {drain, +Rage rF+
                  | Int+3}
 57838 | Vaults:5 | Got a silver rune of Zot
 58021 | Vaults:5 | Received a gift from Okawaru
 58076 | Vaults:5 | Identified the Handbook of the True Pharaoh
 58280 | Vaults:5 | Identified the Compendium of Enhancements and Poisoning
 58389 | Vaults:5 | Found Huwus's Jewellery Shoppe.
 58392 | Vaults:5 | Found Opegohis's Distillery.
 58681 | Depths:2 | Voluntarily entered the Abyss.
 58794 | Abyss:1  | Found a runed translucent gate.
 58794 | Abyss:1  | Found a runed translucent gate.
 58794 | Abyss:1  | Found a runed translucent gate.
 58886 | Abyss:1  | Got a translucent scimitar
 58887 | Abyss:1  | Identified the +7 scimitar of the Reaper {protect, +Inv}
                  | (You found it on level 1 of the Abyss)
 58897 | Abyss:1  | Gained mutation: Armour fits poorly on your strangely
                  | shaped body. [a cacodemon]
 58898 | Abyss:1  | Gained mutation: You occasionally shout uncontrollably at
                  | your foes. [a cacodemon]
 58902 | Abyss:1  | Gained mutation: [Your body sometimes deteriorates upon
                  | taking damage.] [a cacodemon]
 59085 | Abyss:1  | Reached XP level 27. HP: 135/173 MP: 43/43
 59165 | Abyss:1  | Found a runed translucent gate.
 59172 | Abyss:1  | Found a runed translucent gate.
 59172 | Abyss:1  | Found a runed translucent gate.
 59249 | Abyss:1  | Found a runed translucent gate.
 59251 | Abyss:1  | Found a runed translucent gate.
 59251 | Abyss:1  | Found a runed translucent gate.
 59409 | Abyss:1  | Paralysed by accursed screaming for 1 turns
 59770 | Abyss:1  | Received a gift from Okawaru
 59885 | Abyss:1  | Paralysed by accursed screaming for 1 turns
 59905 | Abyss:1  | Paralysed by accursed screaming for 1 turns
 59919 | Abyss:1  | Paralysed by accursed screaming for 1 turns
 59925 | Depths:2 | Escaped the Abyss
 60389 | Depths:3 | Lost mutation: You occasionally shout uncontrollably at
                  | your foes. [potion of mutation]
 60389 | Depths:3 | Lost mutation: You have large cloven feet. [potion of
                  | mutation]
 60389 | Depths:3 | Gained mutation: You are resistant to hostile enchantments.
                  | (MR+) [potion of mutation]
 60389 | Depths:3 | Gained mutation: You are frail. (-10% HP) [potion of
                  | mutation]
 60389 | Depths:3 | Gained mutation: You possess an exceptional clarity of
                  | mind. [potion of mutation]
 60454 | Depths:4 | Lost mutation: You are frail. (-10% HP) [potion of
                  | mutation]
 60454 | Depths:4 | Lost mutation: [Your body sometimes deteriorates upon
                  | taking damage.] [potion of mutation]
 60454 | Depths:4 | Lost mutation: Armour fits poorly on your strangely shaped
                  | body. [potion of mutation]
 60454 | Depths:4 | Gained mutation: You are robust. (+10% HP) [potion of
                  | mutation]
 60454 | Depths:4 | Gained mutation: Your mind is acute. (Int +2) [potion of
                  | mutation]
 60454 | Depths:4 | Lost mutation: You possess an exceptional clarity of mind.
                  | [potion of mutation]
 60454 | Depths:4 | Gained mutation: Your spells are a little harder to cast,
                  | but a little more powerful. [potion of mutation]
 60841 | Elf:1    | Bought the +0 pair of fencer's gloves {Riposte Dex+3} for
                  | 440 gold pieces
 60841 | Elf:1    | Found the +0 pair of fencer's gloves {Riposte Dex+3}
 61044 | Slime:1  | Entered Level 1 of the Pits of Slime
 61180 | Slime:1  | Found a viscous altar of Jiyva.
 61189 | Slime:1  | Lost mutation: You are agile. (Dex +2) [a shining eye]
 61198 | Slime:1  | Gained mutation: [Your body sometimes deteriorates upon
                  | taking damage.] [a shining eye]
 61199 | Slime:1  | Gained mutation: Your magical capacity is low. (-10% MP) [a
                  | shining eye]
 61204 | Slime:1  | Lost mutation: You are robust. (+10% HP) [a shining eye]
 61955 | Vaults:5 | Bought a potion of mutation for 128 gold pieces
 61955 | Vaults:5 | Bought a potion of mutation for 128 gold pieces
 61955 | Vaults:5 | Lost mutation: [Your body sometimes deteriorates upon
                  | taking damage.] [potion of mutation]
 61955 | Vaults:5 | Lost mutation: Your spells are a little harder to cast, but
                  | a little more powerful. [potion of mutation]
 61955 | Vaults:5 | Lost mutation: You are resistant to hostile enchantments.
                  | (MR+) [potion of mutation]
 61955 | Vaults:5 | Gained mutation: You can translocate small distances at
                  | will. [potion of mutation]
 61955 | Vaults:5 | Gained mutation: You occasionally shout uncontrollably at
                  | your foes. [potion of mutation]
 61955 | Vaults:5 | Gained mutation: You are weak. (Str -2) [potion of
                  | mutation]
 61955 | Vaults:5 | Gained mutation: You are robust. (+10% HP) [potion of
                  | mutation]
 61956 | Vaults:5 | Lost mutation: Your movements are slightly less encumbered
                  | by armour. (ER -2) [potion of mutation]
 61956 | Vaults:5 | Lost mutation: Your magical capacity is low. (-10% MP)
                  | [potion of mutation]
 61956 | Vaults:5 | Lost mutation: You are robust. (+10% HP) [potion of
                  | mutation]
 61956 | Vaults:5 | Gained mutation: You have large cloven feet. [potion of
                  | mutation]
 61956 | Vaults:5 | Gained mutation: Your spells are a little harder to cast,
                  | but a little more powerful. [potion of mutation]
 62277 | Depths:2 | Bought a potion of mutation for 400 gold pieces
 62277 | Depths:2 | Bought a potion of mutation for 400 gold pieces
 62277 | Depths:2 | Lost mutation: You occasionally shout uncontrollably at
                  | your foes. [potion of mutation]
 62277 | Depths:2 | Lost mutation: Your mind is acute. (Int +2) [potion of
                  | mutation]
 62277 | Depths:2 | Lost mutation: You are weak. (Str -2) [potion of mutation]
 62277 | Depths:2 | Gained mutation: You are frail. (-10% HP) [potion of
                  | mutation]
 62277 | Depths:2 | Lost mutation: You can translocate small distances at will.
                  | [potion of mutation]
 62277 | Depths:2 | Gained mutation: You are very frail. (-20% HP) [potion of
                  | mutation]
 62277 | Depths:2 | Gained mutation: Your mind is acute. (Int +2) [potion of
                  | mutation]
 62278 | Depths:2 | Lost mutation: You are very frail. (-20% HP) [potion of
                  | mutation]
 62278 | Depths:2 | Lost mutation: You are frail. (-10% HP) [potion of
                  | mutation]
 62278 | Depths:2 | Lost mutation: Your mind is acute. (Int +2) [potion of
                  | mutation]
 62278 | Depths:2 | Lost mutation: Your spells are a little harder to cast, but
                  | a little more powerful. [potion of mutation]
 62278 | Depths:2 | Gained mutation: Your magical capacity is low. (-10% MP)
                  | [potion of mutation]
 62278 | Depths:2 | Gained mutation: Your muscles are strong. (Str +2) [potion
                  | of mutation]
 63307 | Crypt:1  | Entered Level 1 of the Crypt
 64591 | Crypt:2  | Received a gift from Okawaru
 65350 | Crypt:3  | Entered Level 3 of the Crypt
 65491 | Crypt:3  | Received a gift from Okawaru
 65538 | Crypt:3  | Found a basalt altar of Yredelemnul.
 65733 | Crypt:3  | Reached skill level 15 in Conjurations
 65733 | Crypt:3  | Reached skill level 15 in Hexes
 65733 | Crypt:3  | Reached skill level 15 in Charms
 65733 | Crypt:3  | Reached skill level 15 in Summonings
 65733 | Crypt:3  | Reached skill level 15 in Necromancy
 65733 | Crypt:3  | Reached skill level 15 in Translocations
 65733 | Crypt:3  | Reached skill level 15 in Transmutations
 65733 | Crypt:3  | Reached skill level 15 in Fire Magic
 65733 | Crypt:3  | Reached skill level 15 in Ice Magic
 65733 | Crypt:3  | Reached skill level 15 in Air Magic
 65733 | Crypt:3  | Reached skill level 15 in Earth Magic
 65733 | Crypt:3  | Reached skill level 15 in Poison Magic
 65831 | Crypt:3  | Received a gift from Okawaru
 65872 | Crypt:3  | Found the +8 demon blade "Leech" {vamp, rN+ AC-3 EV-3}
 65873 | Crypt:3  | Found the +7 Singing Sword {slice, sonic wave}
 66520 | Crypt:3  | Found a staircase to the Tomb.
 66520 | Crypt:3  | Noticed Khufu
 66975 | Crypt:3  | Killed Khufu
 67275 | Crypt:3  | Identified the +1 storm dragon scales of Beclausu {rElec
                  | Dex+3} (You found it on level 3 of the Crypt)
 67431 | Crypt:3  | Received a gift from Okawaru
 67437 | Crypt:3  | Got a smoking morningstar {god gift}
 67438 | Crypt:3  | Identified the +5 morningstar of Foem {vamp, +Blink}
                  | (Okawaru gifted it to you on level 3 of the Crypt)
 68036 | Zot:1    | Entered Level 1 of the Realm of Zot
 69347 | Zot:2    | Received a gift from Okawaru
 69531 | Zot:2    | Identified the +2 scale mail "Adghikhyn" {+Blink} (You
                  | found it on level 2 of the Realm of Zot)
 69620 | Zot:2    | Received a gift from Okawaru
 70143 | Zot:3    | Noticed an orb of fire
 70148 | Zot:3    | Gained mutation: You are clumsy. (Dex -2) [an orb of fire]
 70165 | Zot:3    | Gained mutation: You are occasionally teleported next to
                  | monsters. [an orb of fire]
 70170 | Zot:3    | Gained mutation: You tend to lose your temper in combat.
                  | [an orb of fire]
 70177 | Zot:3    | Gained mutation: Your magical capacity is very low. (-20%
                  | MP) [an orb of fire]
 70203 | Zot:3    | Gained mutation: Your magical capacity is extremely low.
                  | (-30% MP) [an orb of fire]
 70208 | Zot:3    | Killed an orb of fire
 70556 | Zot:3    | Found a huge runed gate.
 70556 | Zot:3    | Found a huge runed gate.
 70556 | Zot:3    | Found a huge runed gate.
 70556 | Zot:3    | Found a huge runed gate.
 70557 | Zot:3    | Found a huge runed gate.
 70557 | Zot:3    | Found a huge runed gate.
 70557 | Zot:3    | Found a huge runed gate.
 70565 | Zot:3    | Found a huge runed gate.
 70565 | Zot:3    | Found a huge runed gate.
 70570 | Zot:3    | Found a huge runed gate.
 70570 | Zot:3    | Found a huge runed gate.
 70570 | Zot:3    | Found a huge runed gate.
 70570 | Zot:3    | Found a huge runed gate.
 70570 | Zot:3    | Found a huge runed gate.
 70570 | Zot:3    | Found a huge runed gate.
 70571 | Zot:3    | Found a huge runed gate.
 70572 | Zot:3    | Found a huge runed gate.
 70573 | Zot:3    | Found a huge runed gate.
 70589 | Zot:3    | Found a huge runed gate.
 70589 | Zot:3    | Found a huge runed gate.
 70590 | Zot:3    | Found a huge runed gate.
 70599 | Zot:3    | Found a huge runed gate.
 70629 | Zot:3    | Found a huge runed gate.
 70645 | Zot:3    | Found a runed translucent door.
 70679 | Zot:3    | Received a gift from Okawaru
 70719 | Zot:3    | HP: 9/220 [??? (4)]
 71175 | Zot:3    | Found a huge runed gate.
 71175 | Zot:3    | Found a huge runed gate.
 71175 | Zot:3    | Found a huge runed gate.
 71175 | Zot:3    | Found a huge runed gate.
 71175 | Zot:3    | Found a huge runed gate.
 71175 | Zot:3    | Found a huge runed gate.
 71175 | Zot:3    | Found a huge runed gate.
 71497 | Zot:3    | Noticed Naiya55's ghost (master DsGl)
 71685 | Zot:3    | Received a gift from Okawaru
 72284 | Zot:1    | Received a gift from Okawaru
 72330 | Depths:5 | Upgraded the game from 0.24-a0-583-g87330a4 to
                  | 0.24-a0-584-g9d6b971
 72392 | Depths:4 | Voluntarily entered the Abyss.
 72534 | Abyss:1  | Found a corrupted altar of Lugonu.
 73172 | Abyss:2  | Found a corrupted altar of Lugonu.
 73200 | Abyss:2  | Gained mutation: [Your body sometimes deteriorates upon
                  | taking damage.] [a neqoxec]
 73659 | Abyss:3  | Found a corrupted altar of Lugonu.
 73714 | Abyss:3  | Found a corrupted altar of Lugonu.
 73819 | Abyss:3  | Found a corrupted altar of Lugonu.
 74164 | Abyss:3  | HP: 9/222 [green death/blast of poison (6)]
 74165 | Abyss:3  | HP: 3/222 [starcursed mass/accursed screaming (6)]
 74166 | Abyss:3  | Slain by a bone dragon

Levels and vault maps discovered:
D:1:      dpeg_cavernosity, layout_basic, kennysheep_pointless_box,
          grunt_decor_fettered, minmay_split_cup_large
D:2:      layout_loops_cross, okawaru_trees_1
D:3:      layout_rooms, xom_teletrap_fun, chequers_garden
D:4:      minmay_bubble_buster, layout_loops_ring, tso_oasis_becter,
          first_ration, uniq_ijyb
D:5:      layout_basic, lemuel_round_altar, grunt_temple_overflow_open,
          minmay_joined_circles, uniq_grinder
D:6:      layout_rooms, minmay_temple_entry_hall
D:7:      layout_cave_pools, basic_altar, nicolae_ossuary_entry_ruins
D:8:      layout_gridville, minmay_gold_behind_fungi
D:9:      layout_rooms, overflow_temple_1_default, due_lair_maze_entry_diamond,
          orc_0_dummy, serial_shops, nicolae_shop_overgrown_old_shop
D:10:     layout_grid_maze, serial_shops, shop, grunt_pizzeria, uniq_maurice,
          uniq_grum
D:11:     layout_cave_pods, basic_altar, uniq_harold, uniq_nergalle
D:12:     layout_long_grid, minmay_misc_feat_five
D:13:     layout_basic, lightli_vaults_fourway_checkpoint,
          gammafunk_ghost_necromancy
D:14:     layout_gridville, gammafunk_ghost_split, hangedman_decor_points,
          minmay_statue_crystal_thing, uniq_jorgrun, uniq_snorg
D:15:     gammafunk_depths_entry_grave, layout_basic,
          nicolae_ashenzari_panopticon
Temple:   regret_index_temple_waves
Lair:1:   layout_regular_city, chequers_serial_rivers_small_a,
          nicolae_lair_grove_arrangements, serial_bayou_shore_a,
          grunt_megastairs_5, uniq_joseph, uniq_urug
Lair:2:   layout_roguey, minmay_shoals_entry_lonely_mermaid,
          minmay_snake_entry_guardpost_small
Lair:3:   layout_gridlike, chequers_serial_rivers_marsh,
          minmay_lair_oklob_chamber
Lair:4:   layout_long_grid, nicolae_quartered_pool_medium
Lair:5:   beast_lair_carwin_large_3, layout_gridlike,
          minmay_slime_entry_jelly_boxes, lemuel_fruit_fields
Lair:6:   hangedman_lair_caniforms_friends, layout_gridlike, wormcave,
          serial_bayou, serial_bayou_ford_a, serial_bayou_shore_b,
          serial_bayou_pond_c, serial_bayou_crossing, serial_bayou_pond_e,
          serial_bayou_pond_d, minivault_24, minivault_11
Shoals:1: layout_shoals
Shoals:2: layout_shoals, serial_shops, shop
Shoals:3: layout_shoals, nicolae_shoals_drake_roost, uniq_aizul
Shoals:4: shoals_end_hangedman, layout_shoals
Snake:1:  gammafunk_its_a_trap, layout_concentric_octagons, uniq_kirke
Snake:2:  kennysheep_snake, layout_rooms, serial_shops, shop,
          grunt_ministairs_13, uniq_azrael
Snake:3:  layout_misc_corridors, serial_bayou_shore_b
Snake:4:  snake_pit, layout_rooms, uniq_vashnia, uniq_roxanne, uniq_donald
Slime:1:  layout_caves, basic_altar
Orc:1:    layout_caves, serial_shops, shop, roderic_batcave
Orc:2:    grunt_orc_cross, layout_caves, nicolae_alphabet_shops
Elf:1:    elf_arrival_001, layout_geoelf_octagon, minmay_elf_annihilation,
          hangedman_elf_disciples, minmay_shop_star
Elf:2:    layout_geoelf_octagon, serial_shops, nicolae_shop_trees, special_room
          [special_room_mythical_zoo], lemuel_elevator
Elf:3:    minmay_elf_hall, layout_geoelf_castle, due_unseen_surprise
Vaults:1: ontoclasm_vaults_decontamination, nicolae_vaults_diagonal_hallway_6,
          vaults_room_fours, grunt_vaults_swirl, nicolae_vaults_c_with_doors,
          ontoclasm_vaults_shuriken, nicolae_vaults_little_squares_6,
          ontoclasm_vaults_chip, hangedman_vaults_capsules,
          ontoclasm_vaults_idyll, ontoclasm_vaults_idyll, ontoclasm_vaults_eye,
          layout_vaults_ring
Vaults:2: nicolae_vaults_little_squares_6, ontoclasm_vaults_hangar,
          nicolae_vaults_little_squares_4, grunt_tower_of_power,
          hangedman_vaults_slice, v_misc_1, vaults_room_stairs_pillars,
          layout_vaults_omnigrid
Vaults:3: vaults_room_fancy_cross, v_misc_33, nicolae_vaults_network_barrier,
          nicolae_vaults_stairing_the_circle, nicolae_vaults_little_ls,
          vaults_dpeg_hooks, blue_anna_dwarven_crypt,
          ontoclasm_vaults_loading_screen, ontoclasm_vaults_gateway,
          dpeg_vaults_monster_box, nicolae_vaults_rhombus_5,
          layout_vaults_chaotic_city, serial_shops,
          nicolae_shop_overgrown_old_shop, uniq_margery
Vaults:4: vaults_standard_mumra_enter_the_diamond, v_rooms_3, v_misc_18,
          v_misc_13, nicolae_vaults_network_star, v_rooms_6, kb_rosetta,
          hangedman_vaults_slice, grunt_vaults_diagonal,
          nicolae_vaults_specimen_jars, ontoclasm_vaults_claustrophobia,
          nicolae_vaults_asterisk, layout_vaults_omnibox,
          infiniplex_enter_wizlab_glasses
Vaults:5
Crypt:1:  layout_gridlike
Crypt:2:  layout_catacombs, grunt_megastairs_3
Crypt:3:  grunt_crypt_end_deaths_head
Depths:1: layout_gridlike, enter_ziggurat_e, hellmouth_3,
          hangedman_decor_riveting, grunt_decor_resistance,
          statue_in_the_mist_lemuel, minmay_acid_items
Depths:2: grated_community_mu [grated_community_mu_vampire_home,
          grated_community_mu_giant_home, grated_community_mu_spellcaster_home,
          grated_community_mu_orcish_home, grated_community_mu_troll_home,
          grated_community_mu_taur_home, grated_community_mu_unbuilt_plot],
          layout_cross, hell_entry, chequers_big_river,
          abyss_entry_small_statue_room, drop_trap,
          hangedman_abyss_or_decor_clamps, grunt_ministairs_10
Depths:3: minmay_the_grid_square_5x5_5x5_mashed [minmay_the_grid_square_5x5_tie,
          minmay_the_grid_square_5x5_shrine1,
          minmay_the_grid_square_5x5_shrine2, minmay_the_grid_square_5x5_slash,
          minmay_the_grid_square_5x5_corner,
          minmay_the_grid_square_5x5_gyroscope,
          minmay_the_grid_square_5x5_prize_snowflake,
          minmay_the_grid_square_5x5_inverted_slash,
          minmay_the_grid_square_5x5_prize_junk,
          minmay_the_grid_square_5x5_lines, minmay_the_grid_square_5x5_n_small,
          minmay_the_grid_square_5x5_n,
          minmay_the_grid_square_5x5_prize_pseudospiral,
          minmay_the_grid_square_5x5_longway,
          minmay_the_grid_square_5x5_checkered_statues,
          minmay_the_grid_square_5x5_tri_point,
          minmay_the_grid_square_5x5_prize_itemx,
          minmay_the_grid_square_5x5_meh, minmay_the_grid_square_5x5_prize_open,
          minmay_the_grid_square_5x5_seven,
          minmay_the_grid_square_5x5_sharp_hourglass,
          minmay_the_grid_square_5x5_three_walls,
          minmay_the_grid_square_5x5_misaligned,
          minmay_the_grid_square_5x5_trominoes,
          minmay_the_grid_square_5x5_fat_x], layout_cave_shapes,
          pf_hell_entry_tar_spiral, pan_entry, kennysheep_cross_room,
          hangedman_decor_peaks_small
Depths:4: hangedman_crystal_crosses_colossus [crystal_crosses_arms_four,
          crystal_crosses_arms_two, crystal_crosses_arms_one,
          crystal_crosses_arms_one], hell_entry, pan_entry, abyss_entry,
          uniq_saint_roka
Depths:5: grunt_zot_entry_gee_three, layout_twisted_cross,
          grunt_hell_entry_dis_old, hangedman_abyss_or_decor_lesser_grid,
          grunt_decor_cap, serial_sigils_hangedman_clutch
Zot:1:    layout_twisted_circle
Zot:2:    kennysheep_six_static_rooms, layout_onion_interference
Zot:3:    layout_misc_corridors, ebering_ghost_inner_flame, door_vault
Zot:4:    layout_basic
Abyss:3:  nicolae_abyss_rune_left_handed, nicolae_abyss_rune_star_stuff,
          kilobyte_mutagenic_chamber, hangedman_abyss_stitches_cave

Skill      XL: |  1  2  3  4  5  6  7  8  9 10 11 12 13 14 15 16 17 18 19 20 21 22 23 24 25 26 27 |
---------------+----------------------------------------------------------------------------------+-----
Invocations    | 1 2 3 4 5 6 7 8 9 10 11 12 13 14 15 16 17 18 19 | 19.8
Short Blades   | 1 2 3 4 5 6 7 8 9 10 11 12 13 14 15 16 18 | 18.4
Long Blades    | 1 2 3 4 5 6 7 8 9 10 11 12 13 14 15 16 18 | 18.4
Axes           | 1 2 3 4 5 6 7 8 9 10 11 12 13 14 15 16 18 | 18.4
Polearms       | 1 2 3 4 5 6 7 8 9 10 11 12 13 14 15 16 18 | 18.4
Staves         | 1 2 3 4 5 6 7 8 9 10 11 12 13 14 15 16 18 | 18.4
Slings         | 1 2 3 4 5 6 7 8 9 10 11 12 13 14 15 16 18 | 18.4
Bows           | 1 2 3 4 5 6 7 8 9 10 11 12 13 14 15 16 18 | 18.4
Crossbows      | 1 2 3 4 5 6 7 8 9 10 11 12 13 14 15 16 18 | 18.4
Throwing       | 1 2 3 4 5 6 7 8 9 10 11 12 13 14 15 16 18 | 18.4
Dodging        | 1 2 3 4 5 6 7 8 9 10 11 12 13 14 15 16 18 | 18.4
Stealth        | 1 2 3 4 5 6 7 8 9 10 11 12 13 14 15 16 18 | 18.4
Unarmed Combat | 1 2 3 4 5 6 7 8 9 10 11 12 13 14 15 16 18 | 18.4
Spellcasting   | 1 2 3 4 5 6 7 8 9 10 11 12 13 14 15 16 18 | 18.4
Evocations     | 1 2 3 4 5 6 7 8 9 10 11 12 13 14 15 16 18 | 18.4
Conjurations   | 1 2 3 4 5 6 7 8 9 10 11 12 13 14 15 | 15.9
Hexes          | 1 2 3 4 5 6 7 8 9 10 11 12 13 14 15 | 15.9
Charms         | 1 2 3 4 5 6 7 8 9 10 11 12 13 14 15 | 15.9
Summonings     | 1 2 3 4 5 6 7 8 9 10 11 12 13 14 15 | 15.9
Necromancy     | 1 2 3 4 5 6 7 8 9 10 11 12 13 14 15 | 15.9
Translocations | 1 2 3 4 5 6 7 8 9 10 11 12 13 14 15 | 15.9
Transmutations | 1 2 3 4 5 6 7 8 9 10 11 12 13 14 15 | 15.9
Fire Magic     | 1 2 3 4 5 6 7 8 9 10 11 12 13 14 15 | 15.9
Ice Magic      | 1 2 3 4 5 6 7 8 9 10 11 12 13 14 15 | 15.9
Air Magic      | 1 2 3 4 5 6 7 8 9 10 11 12 13 14 15 | 15.9
Earth Magic    | 1 2 3 4 5 6 7 8 9 10 11 12 13 14 15 | 15.9
Poison Magic   | 1 2 3 4 5 6 7 8 9 10 11 12 13 14 15 | 15.9
Maces & Flails | 5 6 7 8 9 10 11 12 13 14 15 16 17 18 | 18.8
Fighting       | 7 8 9 10 11 12 13 14 15 16 17 19 | 19.2
Armour         | 7 8 9 10 11 12 13 14 15 16 17 19 | 19.2
Shields        | 7 8 9 10 11 12 13 14 15 16 17 19 | 19.2

Action                   |  1- 3 |  4- 6 |  7- 9 | 10-12 | 13-15 | 16-18 | 19-21 | 22-24 | 25-27 || total
-------------------------+-------+-------+-------+-------+-------+-------+-------+-------+-------++-------
Melee: Flail             |   113 |    47 |       |       |       |       |       |       |       ||   160
       Bite              |    16 |    10 |    39 |    91 |   334 |   441 |   694 |  1075 |  1458 ||  4158
       Dagger            |       |    73 |   391 |   105 |       |       |       |       |       ||   569
       Rapier            |       |       |       |   487 |  1472 |  2021 |  3786 |  4597 |  3576 || 15939
       Kick              |       |       |       |   155 |   645 |       |       |       |       ||   800
       Double sword      |       |       |       |       |    36 |   122 |       |       |    70 ||   228
       Bardiche          |       |       |       |       |       |     7 |       |       |       ||     7
       Short sword       |       |       |       |       |       |       |    13 |       |       ||    13
       Morningstar       |       |       |       |       |       |       |     3 |       |       ||     3
       Demon blade       |       |       |       |       |       |       |       |       |  1926 ||  1926
       Eveningstar       |       |       |       |       |       |       |       |       |   717 ||   717
Throw: Dart              |       |       |       |    46 |     1 |       |       |       |       ||    47
       Javelin           |       |       |       |    18 |     8 |    11 |    39 |     8 |    45 ||   129
 Cast: Shroud of Golubri |       |       |       |       |       |       |       |     1 |     2 ||     3
       Swiftness         |       |       |       |       |       |       |       |       |     2 ||     2
Invok: Heroism           |       |       |     1 |     4 |    14 |    20 |    22 |    24 |    48 ||   133
       Finesse           |       |       |       |       |     8 |    13 |    10 |    11 |    23 ||    65
 Abil: Stop Flying       |       |       |       |       |       |       |       |     2 |       ||     2
       Evoke Flight      |       |       |       |       |       |       |       |     1 |       ||     1
Evoke: Wand              |       |       |       |       |     4 |     1 |     2 |     3 |     7 ||    17
  Use: Scroll            |       |       |    31 |     6 |    12 |     6 |    11 |     4 |    11 ||    81
       Potion            |       |       |       |     2 |     2 |     1 |       |     2 |    16 ||    23
 Stab: Sleeping          |       |     6 |    17 |     8 |    12 |    22 |    19 |    21 |    12 ||   117
       Distracted        |       |       |     1 |       |     2 |     2 |     3 |     5 |    13 ||    26
       Petrified         |       |       |       |       |     1 |       |       |       |       ||     1
       Invisible         |       |       |       |       |       |       |       |       |     1 ||     1
  Eat: Chunk             |       |     5 |     7 |    13 |    17 |    15 |    40 |    29 |    37 ||   163
       Ration            |       |       |     1 |     2 |     3 |     3 |     1 |     4 |    13 ||    27
Armor: Scale mail        |    46 |     3 |       |       |       |       |       |       |       ||    49
       Steam dragon scal |       |    26 |   103 |    25 |       |       |       |       |       ||   154
       Plate armour      |       |       |       |   192 |   463 |   548 |   152 |       |       ||  1355
       Gold dragon scale |       |       |       |       |       |       |   772 |  1064 |  1632 ||  3468
Dodge: Dodged            |    49 |    37 |   130 |   201 |   620 |   842 |  1378 |  1876 |  2243 ||  7376
       Deflected         |       |       |       |       |       |       |    40 |    65 |   100 ||   205
Block: Shield            |    65 |    64 |   180 |   381 |   933 |  1287 |  2202 |  3028 |  3429 || 11569
       Reflection        |       |       |       |       |       |     9 |   115 |   130 |    72 ||   326
       Rpst.: Double sword |       |       |       |       |     6 |    12 |       |       |    22 ||    40
       Demon blade       |       |       |       |       |       |       |       |       |   265 ||   265
       Eveningstar       |       |       |       |       |       |       |       |       |    72 ||    72
       Rapier            |       |       |       |       |       |       |       |       |     7 ||     7

Table legend:
 A = Non-vault XP
 B = Vault XP
 C = Vault XP percentage of total XP
 D = Non-vault monster count
 E = Vault monster count
 F = Vault count percentage of total count
                 A         B        C        D         E       F
            +---------+---------+-------+---------+---------+-------
      Total |  929133 |  746194 |  44.5 |    1810 |    1061 |  37.0
            +---------+---------+-------+---------+---------+-------
        D:1 |      34 |      14 |  29.2 |      15 |       8 |  34.8
        D:2 |      56 |       0 |   0.0 |      20 |       0 |   0.0
        D:3 |      75 |       0 |   0.0 |      17 |       0 |   0.0
        D:4 |     488 |     318 |  39.5 |      17 |       7 |  29.2
        D:5 |     827 |     498 |  37.6 |      29 |       8 |  21.6
        D:6 |     537 |       0 |   0.0 |      16 |       0 |   0.0
        D:7 |     246 |       0 |   0.0 |       3 |       0 |   0.0
        D:8 |    2261 |       0 |   0.0 |      35 |       0 |   0.0
        D:9 |    1875 |    1095 |  36.9 |      21 |       9 |  30.0
       D:10 |    2563 |    1320 |  34.0 |      30 |       7 |  18.9
       D:11 |    3235 |    1819 |  36.0 |      33 |       2 |   5.7
       D:12 |    3460 |       0 |   0.0 |      20 |       0 |   0.0
       D:13 |    5068 |    7663 |  60.2 |      32 |      12 |  27.3
       D:14 |   10296 |    5047 |  32.9 |      45 |       3 |   6.2
       D:15 |   22489 |    3657 |  14.0 |      63 |       8 |  11.3
     Lair:1 |    4461 |    2060 |  31.6 |      18 |       6 |  25.0
     Lair:2 |    4426 |    1097 |  19.9 |      20 |       5 |  20.0
     Lair:3 |    4028 |    3301 |  45.0 |      16 |       8 |  33.3
     Lair:4 |    5677 |       0 |   0.0 |      25 |       0 |   0.0
     Lair:5 |   10734 |    5475 |  33.8 |      28 |      24 |  46.2
     Lair:6 |   20469 |   16239 |  44.2 |      57 |      75 |  56.8
   Shoals:1 |   16444 |       0 |   0.0 |      30 |       0 |   0.0
   Shoals:2 |    7205 |       0 |   0.0 |      15 |       0 |   0.0
   Shoals:3 |   16046 |    3575 |  18.2 |      28 |       7 |  20.0
   Shoals:4 |   11780 |   22291 |  65.4 |      24 |      33 |  57.9
    Snake:1 |   15353 |    4392 |  22.2 |      34 |       8 |  19.0
    Snake:2 |    8114 |   24207 |  74.9 |      16 |      47 |  74.6
    Snake:3 |   26815 |    2621 |   8.9 |      49 |       2 |   3.9
    Snake:4 |   35626 |   47460 |  57.1 |      64 |      53 |  45.3
    Slime:1 |    4046 |       0 |   0.0 |       6 |       0 |   0.0
      Orc:1 |    6081 |      13 |   0.2 |      32 |       8 |  20.0
      Orc:2 |    8724 |    7492 |  46.2 |      55 |      35 |  38.9
      Elf:1 |   17769 |   10740 |  37.7 |      30 |      18 |  37.5
      Elf:2 |   13859 |   44218 |  76.1 |      21 |      55 |  72.4
      Elf:3 |    7447 |   32144 |  81.2 |      14 |      27 |  65.9
   Vaults:1 |   28987 |   20762 |  41.7 |      48 |      31 |  39.2
   Vaults:2 |   21744 |   11957 |  35.5 |      48 |      21 |  30.4
   Vaults:3 |   46617 |   35347 |  43.1 |      69 |      46 |  40.0
   Vaults:4 |   41567 |   48228 |  53.7 |      63 |      50 |  44.2
   Vaults:5 |   29352 |   71874 |  71.0 |      38 |      52 |  57.8
    Crypt:1 |   24985 |       0 |   0.0 |      32 |       0 |   0.0
    Crypt:2 |   23342 |    3901 |  14.3 |      37 |       6 |  14.0
    Crypt:3 |       0 |   82417 | 100.0 |       0 |     127 | 100.0
   Depths:1 |   28817 |    2439 |   7.8 |      41 |      15 |  26.8
   Depths:2 |   43612 |   46245 |  51.5 |      62 |      65 |  51.2
   Depths:3 |   18411 |   58760 |  76.1 |      34 |      43 |  55.8
   Depths:4 |       0 |   79995 | 100.0 |       0 |      70 | 100.0
   Depths:5 |   42871 |   26499 |  38.2 |      47 |      18 |  27.7
      Zot:1 |   49731 |       0 |   0.0 |      30 |       0 |   0.0
      Zot:2 |   55097 |    7079 |  11.4 |      34 |       6 |  15.0
      Zot:3 |   72519 |       0 |   0.0 |      41 |       0 |   0.0
    Abyss:1 |   51393 |    1340 |   2.5 |      96 |       1 |   1.0
    Abyss:2 |   27929 |     330 |   1.2 |      54 |       2 |   3.6
    Abyss:3 |   23545 |       0 |   0.0 |      58 |       0 |   0.0
    Ossuary |       0 |     265 | 100.0 |       0 |      33 | 100.0
            +---------+---------+-------+---------+---------+-------
